 Dungeon Crawl Stone Soup version 0.21-a0-632-g1e37ce5 (console) character file.

51 puck the Shield-Bearer (level 4, -4/35 HPs)
             Began as a Human Fighter on Dec 27, 2017.
             Killed from afar by an orc wizard (6 damage)
             ... with a magic dart
             ... on level 3 of the Dungeon.
             The game lasted 00:06:11 (878 turns).

puck the Shield-Bearer (Human Fighter)               Turns: 878, Time: 00:06:11

Health: -4/35      AC:  6    Str: 17    XL:     4   Next: 7%
Magic:  4/4        EV:  7    Int:  9    God:
Gold:   60         SH:  9    Dex: 12    Spells: 3/3 levels left

rFire    . . .     SeeInvis .   a - +0 long sword
rCold    . . .     Gourm    .   c - +0 shield
rNeg     . . .     Faith    .   b - +0 scale mail
rPois    .         Spirit   .   (no helmet)
rElec    .         Reflect  .   (no cloak)
rCorr    .         Harm     .   (no gloves)
MR       .....                  (no boots)
Stlth    ..........             (no amulet)
HPRegen  0.11/turn              (no ring)
MPRegen  0.09/turn              (no ring)

@: about to teleport
A: no striking features
a: no special abilities


You were on level 3 of the Dungeon.
You were not hungry.

You visited 1 branch of the dungeon, and saw 3 of its levels.

You collected 60 gold pieces.

Inventory:

Hand Weapons
 a - a +0 long sword (weapon)
Missiles
 m - 17 arrows
Armour
 b - a +0 scale mail (worn)
 c - a +0 shield (worn)
Scrolls
 e - a scroll of teleportation
 g - a scroll of amnesia {unknown}
 i - a scroll of enchant armour {unknown}
 j - 2 scrolls of remove curse {unknown}
 k - a scroll of fear {unknown}
 l - a scroll of fog {unknown}
Potions
 d - a potion of might
 h - 3 potions of degeneration {unknown}
Comestibles
 f - 2 rations


   Skills:
 * Level 3.4 Fighting
 * Level 2.4 Long Blades
 + Level 3.5 Armour
 + Level 3.5 Shields


You had 3 spell levels left.
You didn't know any spells.

Dungeon Overview and Level Annotations

Branches:
Dungeon (3/15)

Altars:


Message History

You can't go up here!
You can't go down here!
You barely miss something. The orc hits you with a trident.
* * * LOW HITPOINT WARNING * * *
Something hits you but does no damage. The orc hits you but does no damage.
Something hits you.
* * * LOW HITPOINT WARNING * * *
The orc hits you from afar with a trident.
* * * LOW HITPOINT WARNING * * *
You bump into the rock wall.
You feel less confused. Something hits you.
* * * LOW HITPOINT WARNING * * *
A magic dart appears from out of thin air!
The magic dart hits you!
* * * LOW HITPOINT WARNING * * *
As you read the scroll labeled WUMILO FOOXEJ, it crumbles to dust.
You feel strangely unstable.
It was a scroll of teleportation.
The orc hits you but does no damage.
A magic dart appears from out of thin air!
The magic dart hits you!
You die...

#...)))##.@.......
###...<†.#########.
#.....##.##
#.#.)###..###
...... ###...#
..#.##.
#...#.####### ....
#. #............
### #.
#...##....... #.
##### ###.... #o
##.


You could see an orc.

Vanquished Creatures
  3 oozes (D:1)
  2 dart slugs (D:1)
  An orc (D:3)
  A ball python (D:1)
  A giant cockroach (D:1)
  9 goblins
  4 hobgoblins
  3 kobolds (D:1)
  2 bats
  A frilled lizard (D:1)
  3 rats (D:1)
30 creatures vanquished.

Notes
Turn   | Place    | Note
-------+----------+-------------------------------------------
     0 | D:1      | puck the Human Fighter began the quest for the Orb.
     0 | D:1      | Reached XP level 1. HP: 18/18 MP: 1/1
    67 | D:1      | Reached XP level 2. HP: 22/24 MP: 2/2
   252 | D:1      | Reached XP level 3. HP: 25/29 MP: 3/3
   832 | D:3      | Reached XP level 4. HP: 30/35 MP: 4/4
   878 | D:3      | Killed from afar by an orc wizard

Vault maps used:
D:1:      grunt_arrival_lava_bath
D:2:      lemuel_crystal_altar, fedhas_altar_fruit_tree, uniq_sigmund,
          uniq_terence, uniq_robin
D:3:      chequers_ecumenical_altar_grove, serial_undead, serial_undead_e,
          serial_undead_f, serial_undead_d, serial_undead_e, first_ration

Action                   |  1- 3 |  4- 6 || total
-------------------------+-------+-------++-------
Melee: Long sword        |    68 |     9 ||    77
  Use: Scroll            |       |     1 ||     1
Armor: Scale mail        |    38 |     6 ||    44
Dodge: Dodged            |    19 |     1 ||    20
Block: Shield            |    31 |     3 ||    34
       Rpst.: Long sword |     5 |       ||     5

Table legend:
 A = Spawn XP
 B = Non-spawn XP
 C = Spawn XP percentage of total XP
 D = Spawn monster count
 E = Non-spawn monster count
 F = Spawn count percentage of total count
 G = Total turns spent on level
                    A         B        C        D         E        F      G
               +---------+---------+-------+---------+---------+-------+---------
         Total |       0 |      74 |   0.0 |       0 |      30 |   0.0 |   878
               +---------+---------+-------+---------+---------+-------+---------
           D:1 |       0 |      54 |   0.0 |       0 |      20 |   0.0 |   739
           D:2 |       0 |       4 |   0.0 |       0 |       2 |   0.0 |    78
           D:3 |       0 |      16 |   0.0 |       0 |       8 |   0.0 |    61
               +---------+---------+-------+---------+---------+-------+---------
